 Dungeon Crawl Stone Soup version 0.27-a0-61-g21144fbd99 (webtiles) character file.

Game seed: 6464669579008721551

32 robertstho the Sneak (level 3, -2/18 HPs)
             Began as a Vine Stalker Brigand on Jan 8, 2021.
             Slain by a gnoll
             ... wielding a +0 halberd
              (8 damage)
             ... on level 2 of the Dungeon.
             The game lasted 00:01:09 (1533 turns).

robertstho the Sneak (Vine Stalker Brigand)         Turns: 1533, Time: 00:01:10

Health: -2/18      AC:  3    Str: 14    XL:     3   Next: 27%
Magic:  0/4        EV: 12    Int: 11    God:
Gold:   68         SH:  0    Dex: 15    Spells: 2/2 levels left

rFire    . . .     SeeInvis .   a - +2 dagger
rCold    . . .     Faith    .   (no shield)
rNeg     . . .     Spirit   +   b - +0 robe
rPois    .         Reflect  .   (no helmet)
rElec    .         Harm     .   c - +0 cloak
rCorr    .         Rampage  .   (no gloves)
Will     .....                  (no boots)
Stlth    +++.......             (no amulet)
HPRegen  0.06/turn              (no ring)
MPRegen  0.09/turn              (no ring)

@: no status effects
A: fangs 2, magic shield, antimagic bite, no potion heal 3
a: no special abilities


You were on level 2 of the Dungeon.
You visited 1 branch of the dungeon, and saw 2 of its levels.

You collected 68 gold pieces.

Inventory:

Hand Weapons
 a - a +2 dagger (weapon)
Missiles
 d - 8 poisoned darts (quivered)
 e - 2 curare-tipped darts
Armour
 b - a +0 robe (worn)
 c - a +0 cloak (worn)
Jewellery
 n - a +6 ring of intelligence {unknown}
Wands
 l - a wand of iceblast (11)
Scrolls
 f - a scroll of magic mapping {unknown}
 h - 2 scrolls of teleportation {unknown}
 k - 3 scrolls of identify {unknown}
 m - a scroll of remove curse {unknown}
Potions
 g - 2 potions of haste {unknown}
 i - a potion of brilliance {unknown}
 j - a potion of flight {unknown}


   Skills:
 * Level 2.1 Fighting
 + Level 2.1 Short Blades
 + Level 1.9 Throwing
 + Level 1.0 Dodging
 + Level 5.6 Stealth


You had 2 spell levels left.
You didn't know any spells.
Your spell library was empty.

Dungeon Overview and Level Annotations

Branches:
Dungeon (2/15)

Altars:


Innate Abilities, Weirdness & Mutations

You have extremely sharp teeth.
When hurt, damage is shared between your health and your magic reserves.
Your bite disrupts and absorbs the magic of your enemies.
Potions cannot restore your health.


Message History

A gnoll is nearby!
A gnoll is nearby!
A gnoll comes into view. It is wielding a +0 halberd.
Found a short sword.
There is an open door here.
A gnoll comes into view.
The gnoll shouts! x3
The gnoll misses you. The gnoll closely misses you.
The gnoll completely misses you.
You hit the gnoll.
The gnoll is heavily wounded.
The gnoll barely misses you. The gnoll misses you. The gnoll hits you!
You closely miss the gnoll.
The gnoll is heavily wounded.
The gnoll misses you. The gnoll hits you. The gnoll misses you.
You barely miss the gnoll. You bite the gnoll. You drain its power.
You feel invigorated.
The gnoll is severely wounded.
The gnoll misses you. The gnoll hits you. The gnoll hits you with a +0 halberd!
You die...

####.##.####.###.##
.............# #.#
.###.#.####### #(# .#
#.#.# ##+## .# #.#.#
##...## .# #.#.#
##.....## .# #.#.##
##......)##
.###)...####?..ggg...#
...........+!...@....+
###.)...####.........#
#.##.## ##.......##
#.#### ##.....## #.#
##...## #.# ##'## #.#
#.# #.# #.# #.#
##########.##


You could see 3 gnolls.

Vanquished Creatures
  An ooze (D:1)
  A worm (D:2)
  A dart slug (D:1)
  A ball python (D:1)
  4 goblins
  5 hobgoblins
  2 bats
  2 frilled lizards
  3 kobolds
  2 rats (D:1)
22 creatures vanquished.

Notes
Turn   | Place    | Note
-------+----------+-------------------------------------------
     0 | D:1      | robertstho the Vine Stalker Brigand began the quest for the
                  | Orb.
     0 | D:1      | Reached XP level 1. HP: 11/11 MP: 2/2
    59 | D:1      | Reached skill level 5 in Stealth
   135 | D:1      | Reached XP level 2. HP: 15/15 MP: 3/3
  1200 | D:2      | Reached XP level 3. HP: 18/18 MP: 4/4
  1499 | D:2      | Reached skill level 1 in Dodging
  1533 | D:2      | Slain by a gnoll

Illustrated notes

Levels and vault maps discovered:
D:1:      lightli_iron_boxes, layout_loops_corners, minmay_misc_feat_alley,
          supply_closet_lemuel
D:2:      layout_loops_corners

Skill      XL: |  1  2  3 |
---------------+----------+-----
Stealth        | 5 |  5.6
Fighting       | 2 |  2.1
Short Blades   | 2 |  2.1
Dodging        | 1 |  1.0
Throwing       | |  1.9

Action                   || total
-------------------------++-------
Melee: Dagger            ||    60
       Bite              ||    12
 Stab: Sleeping          ||     8
Armor: Robe              ||     9
Dodge: Dodged            ||    30

Table legend: (Time is in decaauts)
 A = Elapsed time spent in this place.
 B = Non-inter-level travel time spent in this place.
 C = Inter-level travel time spent in this place.
 D = Time resting spent in this place.
 E = Time spent auto-exploring this place.
 F = Levels seen in this place.
 G = Mean time per level.
                   A        B        C        D        E       F      G
               +--------+--------+--------+--------+--------+-----+--------+
         Total |   1527 |   1481 |     46 |      0 |   1328 |   2 |  763.5 |
       Dungeon |   1527 |   1481 |     46 |      0 |   1328 |   2 |  763.5 |
               +--------+--------+--------+--------+--------+-----+--------+

Top non-repeatable levels by time:
     D:1: 1193 daAuts
     D:2: 333 daAuts
